 Dungeon Crawl Stone Soup version 0.27-a0-522-g46bbb28828 (webtiles) character file.

Game seed: 5230528827828149882

233 gruber the Poker (level 6, -2/34 (35) HPs)
             Began as a Tengu Hunter on Mar 4, 2021.
             Was an Initiate of Okawaru.
             Slain by Crazy Yiuf
             ... wielding a +3 quarterstaff of chaos
              (8 damage)
             ... on level 3 of the Dungeon.
             The game lasted 00:02:58 (3575 turns).

gruber the Poker (Tengu Hunter)                     Turns: 3575, Time: 00:03:00

HP:   -2/34 (35)    AC:  3    Str: 12    XL:     6   Next: 5%
MP:   7/7           EV: 12    Int: 11    God:    Okawaru [......]
Gold: 138           SH:  0    Dex: 17    Spells: 5/5 levels left

rFire    . . .     SeeInvis .   e - +0 spear
rCold    . . .     Faith    .   (no shield)
rNeg     . . .     Spirit   .   c - +0 leather armour
rPois    .         Reflect  .   (helmet restricted)
rElec    .         Harm     .   (no cloak)
rCorr    .         Rampage  .   (no gloves)
Will     .....                  (boots unavailable)
Stlth    ++........             (no amulet)
HPRegen  0.11/turn              (no ring)
MPRegen  0.10/turn              (no ring)

@: lethally poisoned (-2 -> -14), lightly drained
A: beak, talons 3, able to fly
a: Fly, Renounce Religion


You were on level 3 of the Dungeon.
You worshipped Okawaru.
Okawaru was noncommittal.
You visited 1 branch of the dungeon, and saw 3 of its levels.

You collected 138 gold pieces.

Inventory:

Hand Weapons
 a - a +1 shortbow
 b - a +0 short sword
 e - a +0 spear (weapon)
Missiles
 d - 51 arrows
Armour
 c - a +0 leather armour (worn)
 g - a +0 ring mail
Jewellery
 n - a +6 ring of intelligence
Scrolls
 h - a scroll of fear {unknown}
 i - 3 scrolls of teleportation {unknown}
 m - a scroll of enchant weapon {unknown}
Potions
 f - a potion of degeneration {unknown}
 j - 2 potions of resistance {unknown}
 k - a potion of attraction {unknown}
 l - a potion of brilliance {unknown}
 o - a potion of heal wounds {unknown}
 p - a potion of invisibility {unknown}
 q - a potion of berserk rage {unknown}
 r - a potion of magic {unknown}


   Skills:
 - Level 2.0 Fighting
 - Level 6.0 Polearms
 * Level 4.6 Bows
 - Level 2.1 Dodging
 - Level 1.0 Stealth
 - Level 0.1 Hexes


You had 5 spell levels left.
You didn't know any spells.
Your spell library was empty.

Dungeon Overview and Level Annotations

Branches:
Dungeon (3/15)

Altars:
Ashenzari
Gozag
Makhleb
Okawaru
Qazlal
Wu Jian

Annotations:
D:3 Crazy Yiuf


Innate Abilities, Weirdness & Mutations

You have a beak for a mouth.
You have claws for feet.
You can fly continuously.


Message History

No target in view!
No target in view!
Could not explore, unopened runed door.
Could not explore, unopened runed door.
Failed to move towards target.
You open the door. You hit Crazy Yiuf but do no damage.
Your kick misses Crazy Yiuf. You peck Crazy Yiuf, but do no damage.
Crazy Yiuf hits you but does no damage.
You feel drained.
You hit Crazy Yiuf. You claw Crazy Yiuf. Your peck misses Crazy Yiuf.
Crazy Yiuf is heavily wounded.
Crazy Yiuf closely misses you.
You closely miss Crazy Yiuf.
Crazy Yiuf is heavily wounded.
Crazy Yiuf hits you with a +3 quarterstaff of chaos.
You suddenly lose the ability to move!
Crazy Yiuf hits you with a +3 quarterstaff of chaos!
You are poisoned.
You feel sick.
You can move again.
Unknown command.
Unknown command.
Unknown command.
Unknown command.
You hit Crazy Yiuf but do no damage. Your kick misses Crazy Yiuf.
Crazy Yiuf is heavily wounded.
You feel sick.
Crazy Yiuf says, "Flower Orb Guardian disdain!"
Crazy Yiuf hits you with a +3 quarterstaff of chaos!
* * * LOW HITPOINT WARNING * * *
You hit Crazy Yiuf but do no damage.
Crazy Yiuf is heavily wounded.
Crazy Yiuf closely misses you.
You barely miss Crazy Yiuf. You claw Crazy Yiuf.
You peck Crazy Yiuf, but do no damage.
Crazy Yiuf is heavily wounded.
* * * LOW HITPOINT WARNING * * *
You feel sick.
Crazy Yiuf hits you with a +3 quarterstaff of chaos!
You die...

#.............####.##
#.##.##.####### #..#
#.##.##.# ##.#
######### #.# #.#
##♣♣♣♣♣ #.#
###...♣.♣♣♣ ### #.#
##......♣..♣#...# #.#
#......♣♣♣♣@g...#
##.## ##..#..♣♣
♣♣#..)# #...##
#..###♣♣ ### #....#
#.## #####....#
#####.## #.....##.#
.......#
##############.##.#
.#####.#
#.#..#....####.##.#
.#####.#
#.#.....†.#....(..#
....##.#
#.##........##.....


You could see Crazy Yiuf.

Vanquished Creatures
  A phantom (D:3)
  2 gnolls (D:1)
  4 adders
  An ooze (D:2)
  2 worms (D:2)
  4 dart slugs
  A leopard gecko (D:1)
  7 orcs
  7 giant cockroaches
  15 goblins
  8 hobgoblins
  10 kobolds
  A quokka (D:2)
  4 bats
  3 frilled lizards
  12 rats
82 creatures vanquished.

Notes
Turn   | Place    | Note
-------+----------+-------------------------------------------
     0 | D:1      | gruber the Tengu Hunter began the quest for the Orb.
     0 | D:1      | Reached XP level 1. HP: 12/12 MP: 2/2
    37 | D:1      | Reached skill level 1 in Polearms
   110 | D:1      | Reached XP level 2. HP: 17/17 MP: 3/3
   148 | D:1      | Reached skill level 2 in Polearms
   193 | D:1      | Reached XP level 3. HP: 21/21 MP: 4/4
   246 | D:1      | Reached skill level 3 in Polearms
   827 | D:2      | Reached XP level 4. HP: 26/26 MP: 5/5
   957 | D:2      | Reached skill level 4 in Polearms
  1147 | D:2      | Found an ornate altar of the Wu Jian Council.
  1150 | D:2      | Found an opulent altar of Gozag.
  1153 | D:2      | Found a broken altar of Ashenzari.
  1170 | D:2      | Found a stormy altar of Qazlal.
  2076 | D:3      | Found an iron altar of Okawaru.
  2141 | D:3      | Became a worshipper of Warmaster Okawaru
  2151 | D:3      | Gained mutation: You can fly continuously. [Tengu growth]
  2151 | D:3      | Reached XP level 5. HP: 29/30 MP: 6/6
  2215 | D:3      | Reached skill level 5 in Polearms
  2413 | D:3      | Noticed a phantom
  2451 | D:3      | HP: 1/30 [phantom (5)]
  2764 | D:3      | Found a runed translucent door.
  2765 | D:3      | Noticed Crazy Yiuf
  2809 | D:3      | Killed a phantom
  3132 | D:3      | Reached skill level 6 in Polearms
  3160 | D:3      | Found a burning altar of Makhleb.
  3160 | D:3      | Noticed a balrug
  3325 | D:3      | Reached XP level 6. HP: 35/35 MP: 7/7
  3570 | D:3      | Paralysed by Crazy Yiuf for 2 turns
  3575 | D:3      | Slain by Crazy Yiuf

Illustrated notes

Levels and vault maps discovered:
D:1:      minmay_arrival_glassed_features, layout_basic
D:2:      layout_basic, grunt_temple_overflow_cloverleaf,
          kennysheep_another_room
D:3:      layout_loops_cross, lemuel_crystal_altar, makhleb_altar_promises_db,
          uniq_crazy_yiuf_cottage

Skill      XL: |  1  2  3  4  5 |
---------------+----------------+-----
Polearms       | 1 2 3 4 6 |  6.0
Fighting       | |  2.0
Bows           | |  4.6
Dodging        | |  2.1
Stealth        | |  1.0
Hexes          | |  0.1

Action                   |  1- 3 |  4- 6 || total
-------------------------+-------+-------++-------
Melee: Spear             |    84 |   150 ||   234
       Kick              |     9 |    37 ||    46
       Peck              |     5 |    17 ||    22
 Fire: Shortbow          |     4 |    20 ||    24
 Stab: Sleeping          |     3 |     5 ||     8
Armor: Leather armour    |     4 |    13 ||    17
Dodge: Dodged            |    34 |    45 ||    79

Table legend: (Time is in decaauts)
 A = Elapsed time spent in this place.
 B = Non-inter-level travel time spent in this place.
 C = Inter-level travel time spent in this place.
 D = Time resting spent in this place.
 E = Time spent auto-exploring this place.
 F = Levels seen in this place.
 G = Mean time per level.
                   A        B        C        D        E       F      G
               +--------+--------+--------+--------+--------+-----+--------+
         Total |   3551 |   3463 |     88 |    220 |   2702 |   3 | 1183.7 |
       Dungeon |   3551 |   3463 |     88 |    220 |   2702 |   3 | 1183.7 |
               +--------+--------+--------+--------+--------+-----+--------+

Top non-repeatable levels by time:
     D:2: 1492 daAuts
     D:3: 1241 daAuts
     D:1: 818 daAuts
